 Dungeon Crawl Stone Soup version 0.14-a0-1876-g927fc3a (webtiles) character file.

375 Kae the Insei (level 5, -8/40 HPs)
             Began as a Draconian Transmuter on Jan 14, 2014.
             Killed from afar by an orc wizard (10 damage)
             ... with a magic dart
             ... on Level 4 of the Dungeon.
             The game lasted 00:05:21 (3850 turns).

Kae the Insei (Draconian Transmuter)                Turns: 3850, Time: 00:05:21

HP  -8/40        AC  5     Str 17      XL: 5   Next: 83%
MP   9/9         EV 12     Int 13      God:
Gold 130         SH  0     Dex 13      Spells:  3 memorised,  2 levels left

rFire  . . .     SeeInvis .       - Unarmed
rCold  . . .     Clarity  .     (armour unavailable)
rNeg   . . .     Conserve .     (no shield)
rPois  .         rCorr    .     (helmet restricted)
rElec  .         rRot     .     (no cloak)
SustAb . .       Spirit   .     (no gloves)
rMut   .         Warding  .     (no boots)
Saprov . . .     Stasis   .     (no amulet)
MR     .....                    (no ring)
                                (no ring)

@: confused, mighty, flying, not resistant to hostile enchantments, very
unstealthy
A: unfitting armour, AC +5
a: no special abilities


You were on level 4 of the Dungeon.
You were not hungry.

You visited 1 branch of the dungeon, and saw 4 of its levels.

You collected 130 gold pieces.

Inventory:

Missiles
 b - 36 arrows
 i - 21 arrows of flame
 t - 2 tomahawks of returning (quivered)
Comestibles
 a - 4 bread rations
 c - a beef jerky
 f - 2 chokos
 j - 2 pears
 k - 14 grapes
 l - 2 apples
 m - 2 meat rations
 n - a rotting chunk of goblin flesh
 o - an apricot
Scrolls
 r - a scroll of curse armour {unknown}
 s - a scroll of blinking {unknown}
Potions
 p - a potion of cure mutation
Books
 d - a book of Changes

   Spells                             Type                      Level
   *Beastly Appendage                 Transmutation                1
   *Sticks to Snakes                  Transmutation                2
   *Spider Form                       Transmutation/Poison         3
   Ice Form                           Ice/Transmutation            4
   Blade Hands                        Transmutation                5


   Skills:
 - Level 1.1 Fighting
 - Level 1.7 Dodging
 * Level 5.6 Unarmed Combat
 - Level 2.0 Spellcasting
 + Level 3.9 Transmutations


You had 2 spell levels left.
You knew the following spells:

 Your Spells              Type           Power        Failure   Level  Hunger
a - Beastly Appendage     Trmt           ##....       8%          1    ##.....
b - Sticks to Snakes      Trmt           ##........   10%         2    ###....
c - Spider Form           Trmt/Pois      #.........   38%         3    ####...


Dungeon Overview and Level Annotations

Branches:
Dungeon (4/16)
 Temple: D:4-7

Altars:
Ashenzari
Fedhas

Annotations:
D:2 Sigmund
D:3 exclusion: oklob plant, Edmund


Message History

You hear some strange, mumbled words.
The magic dart hits you!
You hear some strange, mumbled words.
The puff of flame hits you!
* * * LOW HITPOINT WARNING * * *
Drink which item? (? for menu, Esc to quit)
It has a very clean taste.
It was a potion of cure mutation.
The orc barely misses you.
Drink which item? (? for menu, Esc to quit)
You feel very mighty all of a sudden.
It was a potion of might.
You completely miss something.
The orc priest calls down the wrath of Beogh upon you.
Something smites you!
* * * LOW HITPOINT WARNING * * *
You closely miss the orc. The orc closely misses you.
The orc closely misses you. Something hits you but does no damage.
You hear some strange, mumbled words.
The magic dart hits you!
You die...

#....## #!.(..#
#....# #.>(#
#..)# #..(#
##..o# ##..o>#
#...o@# #.....#
#(....# ###...#
## ###..## ##[
##.#..# ### #..
###########...###
#######.######.
..........)...#
..............
..............###
###............


You could see an orc priest and 2 orcs.

Vanquished Creatures
  2 big fish (D:3)
  2 worker ants
  5 adders
  A worm (D:2)
  3 giant geckos
  2 oozes
  4 orcs
  2 ball pythons
  4 giant cockroaches
  8 hobgoblins
  6 jackals
  9 bats
  3 giant newts
  10 goblins
  A hobgoblin skeleton (D:4)
  8 kobolds
  3 quokkas
  9 rats
  A plant (D:3)
83 creatures vanquished.

Notes
Turn   | Place    | Note
--------------------------------------------------------------
     0 | D:1      | Kae, the Draconian Transmuter, began the quest for the Orb.
     0 | D:1      | Reached XP level 1. HP: 16/16 MP: 3/3
   485 | D:1      | Reached XP level 2. HP: 17/23 MP: 4/4
   913 | D:2      | Reached XP level 3. HP: 19/28 MP: 6/6
   961 | D:2      | Learned a level 2 spell: Sticks to Snakes
   965 | D:2      | Learned a level 3 spell: Spider Form
  1056 | D:2      | Reached skill level 4 in Unarmed Combat
  1350 | D:2      | Noticed Sigmund
  1603 | D:2      | Reached XP level 4. HP: 13/35 MP: 5/7
  2212 | D:3      | Found a shattered altar of Ashenzari.
  2307 | D:3      | Found a blossoming altar of Fedhas.
  2442 | D:3      | Reached skill level 5 in Unarmed Combat
  2442 | D:3      | Reached XP level 5. HP: 33/40 MP: 7/9
  2924 | D:3      | Noticed an oklob plant
  3486 | D:4      | Noticed Edmund
  3848 | D:4      | HP: 2/40 [orc priest/divine providence (9)]
  3850 | D:4      | Killed from afar by an orc wizard

Action                   |  1- 3 |  4- 6 || total
-------------------------+-------+-------++-------
Melee: Unarmed           |   147 |   215 ||   362
 Cast: Beastly Appendage |    13 |    16 ||    29
  Use: Scroll            |     5 |     2 ||     7
       Potion            |       |     5 ||     5
 Stab: Sleeping          |     1 |       ||     1
